 Dungeon Crawl Stone Soup version 0.28-a0-1567-g1695149f81 (webtiles) character file.

Game seed: 11084886055583401859

2 comborobin the Skirmisher (level 1, 0/16 HPs)
             Began as an Octopode Cinder Acolyte on Jan 20, 2022.
             Was a High Priest of Ignis.
             Slain by a bat (1 damage)
             ... on level 2 of the Dungeon.
             The game lasted 00:00:14 (70 turns).

comborobin the Skirmisher (Octopode Cinder Acolyte)   Turns: 70, Time: 00:00:15

Health: 0/16       AC:  1    Str: 13    XL:     1   Next: 30%
Magic:  2/2        EV: 12    Int: 16    God:    Ignis [*****.]
Gold:   13         SH:  0    Dex:  7    Spells: 2/2 levels left

rFire   + . .      SeeInvis .     - Unarmed
rCold   . . .      Faith    .   (no shield)
rNeg    . . .      Spirit   .   (helmet restricted)
rPois   .          Reflect  .   (no amulet)
rElec   .          Harm     .   (no ring)
rCorr   .          Rampage  .   (no ring)
Will    .....                   (no ring)
Stlth   ++........              (no ring)
HPRegen 0.05/turn               (no ring)
MPRegen 0.08/turn               (no ring)
                                (no ring)
                                (no ring)

@: weak-willed
A: almost no armour, amphibious, 8 rings, camouflage 1, gelatinous body 1,
(nimble swimmer 1), tentacles
a: Renounce Religion, Fiery Armour, Foxfire Swarm, Rising Flame


You were on level 2 of the Dungeon.
You worshipped Ignis.
Ignis was extremely pleased with you.
You visited 1 branch of the dungeon, and saw 2 of its levels.

You collected 13 gold pieces.

You aren't carrying anything.


   Skills:
 + Level 3.1 Fighting
 - Level 3.0 Unarmed Combat
 - Level 1.0 Spellcasting
 - Level 3.0 Fire Magic


You had 2 spell levels left.
You didn't know any spells.
Your spell library contained the following spells:

 Spells                   Type           Power      Damage    Failure   Level
 Scorch                   Fire           20%        2d6       10%         2


Dungeon Overview and Level Annotations

Branches:
Dungeon (2/15)

Altars:


Innate Abilities, Weirdness & Mutations

You cannot wear most types of armour.
You are amphibious.
You can wear up to eight rings at the same time.
Your skin changes colour to match your surroundings (Stealth+).
Your rubbery body absorbs attacks. (AC +1, EV +1)
((You are camouflaged when in or above water. (Stealth+)))
You have tentacles for arms and can constrict up to eight enemies at once.


Message History

You kill the bat!
No target in view!
No target in view!
There is an escape hatch in the floor here.
a - a scroll labelled CED YLUXTUT
As you read the scroll labelled CED YLUXTUT, it crumbles to dust.
Magic quickly surges around you.
It was a scroll of vulnerability.
There is an escape hatch in the floor here.
You slide downwards.
The hatch slams shut behind you.
Found a scroll labelled BAGHYG GOTTI and 13 gold pieces.
Found a stone staircase leading up.
a - a scroll labelled BAGHYG GOTTI No target in view!
You now have 13 gold pieces.
A kobold comes into view. It is wielding a +0 whip.
A hobgoblin comes into view.
Found a stone staircase leading down.
The kobold hits you with a +0 whip.
As you read the scroll labelled BAGHYG GOTTI, it crumbles to dust.
You hear a loud clanging noise!
It was a scroll of noise.
The hobgoblin shouts!
You hear a shout! x2; You hear an angry hiss.
You hear a shout! x2; You hear an angry hiss.
A bat comes into view.
A dart slug comes into view.
The kobold hits you but does no damage.
The bat moves out of view.
You tentacle-slap the kobold.
You kill the kobold!
A bat comes into view.
The dart slug launches a dart at you. The slug dart hits you.
The dart slug launches a dart at you. The slug dart hits you.
* * * LOW HITPOINT WARNING * * *
The bat hits you.
* * * LOW HITPOINT WARNING * * *
The bat closely misses you. The bat hits you.
* * * LOW HITPOINT WARNING * * *
The bat hits you.
You die...

#####
#...#
#...#
#...#
#...###
#..b@.#
#...#.#
#.###<#
#.######.#
..
#........#
##.
######..##
.# #.g# #
#.).#
.w.#.#


You could see a bat.

Vanquished Creatures
  A kobold (D:2)
  A bat (D:1)
2 creatures vanquished.

Notes
Turn   | Place    | Note
-------+----------+-------------------------------------------
     0 | D:1      | comborobin the Octopode Cinder Acolyte began the quest for
                  | the Orb.
     0 | D:1      | Reached XP level 1. HP: 16/16 MP: 2/2
    70 | D:2      | Slain by a bat

Illustrated notes

Levels and vault maps discovered:
D:1:      evilmike_arrival_fibonacci_small, layout_basic, serial_aquarium,
          aquarium_bridge_long_joined [aquarium_subvault_bridge,
          aquarium_subvault_bridge, aquarium_subvault_wall,
          aquarium_subvault_wall, aquarium_subvault_balcony,
          aquarium_subvault_wall], aquarium_bridge_island_small
          [aquarium_subvault_small_open, aquarium_subvault_bridge,
          aquarium_subvault_wall, aquarium_subvault_wall,
          aquarium_subvault_balcony], aquarium_window_2, aquarium_window_1,
          aquarium_window_fake, aquarium_view_2d, aquarium_view_2d,
          aquarium_pool_2, minmay_misc_feat_pillars
D:2:      layout_rooms, serial_curves, eino_curves_04, eino_curves_04,
          uniq_natasha, uniq_crazy_yiuf_cottage

Action                   || total
-------------------------++-------
Melee: Unarmed           ||     4
       Constrict         ||     1
  Use: Scroll            ||     2
Armor: Skin              ||     3
Dodge: Dodged            ||     4

Table legend: (Time is in decaauts)
 A = Elapsed time spent in this place.
 B = Non-inter-level travel time spent in this place.
 C = Inter-level travel time spent in this place.
 D = Time resting spent in this place.
 E = Time spent auto-exploring this place.
 F = Levels seen in this place.
 G = Mean time per level.
                   A        B        C        D        E       F      G
               +--------+--------+--------+--------+--------+-----+--------+
         Total |     69 |     69 |      0 |      0 |     32 |   2 |   34.5 |
       Dungeon |     69 |     69 |      0 |      0 |     32 |   2 |   34.5 |
               +--------+--------+--------+--------+--------+-----+--------+

Top non-repeatable levels by time:
     D:1: 48 daAuts
     D:2: 20 daAuts
